 Dungeon Crawl Stone Soup version 0.31-a0-799-g6bc09d010c (webtiles) character file.

Game seed: 13274766318066214927

19 snarfax the Shield-Bearer (level 2, -3/26 HPs)
             Began as a Minotaur Fighter on Sept 19, 2023.
             Slain by Sigmund
             ... wielding a +2 scythe of venom
              (10 damage)
             ... on level 2 of the Dungeon.
             The game lasted 00:01:29 (907 turns).

snarfax the Shield-Bearer (Minotaur Fighter)         Turns: 907, Time: 00:01:30

Health: -3/26      AC:  9    Str: 20    XL:     2   Next: 55%
Magic:  1/1        EV:  7    Int:  5    God:
Gold:   92         SH:  4    Dex:  9    Spells: 1/1 levels left

rFire   . . .        a - +0 war axe
rCold   . . .        c - +0 buckler
rNeg    . . .        h - +0 chain mail
rPois   +            (helmet restricted)
rElec   .            (no cloak)
rCorr   .            (no gloves)
SInv    .            (no boots)
Will    .....        (no amulet) Stlth
                     f - ring of poison resistance
HPRegen 0.24/turn    (no ring)
MPRegen 0.07/turn

%: no passive effects
@: lethally poisoned (-3 -> -7)
A: horns 2, retaliatory headbutt
a: no special abilities


You were on level 2 of the Dungeon.
You visited 1 branch of the dungeon, and saw 2 of its levels.

You collected 92 gold pieces.

Inventory:

Hand Weapons
 a - a +0 war axe (weapon)
Armour
 b - a +0 scale mail
 c - a +0 buckler (worn)
 h - a +0 chain mail (worn)
Jewellery
 f - a ring of poison resistance (left hand)
Scrolls
 e - 2 scrolls of enchant armour {unknown}
 g - a scroll of identify {unknown}
Potions
 d - a potion of might


   Skills:
 - Level 3.6 Fighting
 * Level 3.5 Axes
 - Level 3.6 Armour
 + Level 4.0 Shields


You had one spell level left.
You didn't know any spells.
Your spell library was empty.

Dungeon Overview and Level Annotations

Branches:
Dungeon (2/15)

Altars:

Annotations:
D:2 Sigmund


Innate Abilities, Weirdness & Mutations

You have a pair of horns on your head.
You reflexively headbutt those who attack you in melee.


Message History

You closely miss the frilled lizard. The frilled lizard bites you.
Something hits you. You block the frilled lizard's attack.
You closely miss the frilled lizard.
The frilled lizard bites you but does no damage.
Something hits you.
The frilled lizard attacks as it pursues you!
The frilled lizard bites you but does no damage.
The frilled lizard attacks as it pursues you!
The frilled lizard barely misses you. You furiously retaliate!
You headbutt the frilled lizard!
You kill the frilled lizard!
The bat attacks as it pursues you! The bat hits you but does no damage.
The bat barely misses you. You furiously retaliate!
You headbutt the bat.
You kill the bat!
Found 14 gold pieces.
Sigmund appears from thin air!
Reactivating autopickup.
Sigmund casts a spell at you. You resist with significant effort.
Sigmund gestures at you while chanting.
You are confused.
You bump into the rock wall.
You bump into the rock wall.
You bump into the rock wall.
You feel less confused.
Sigmund points at you and mumbles some strange words.
You are confused.
Sigmund barely misses you.
You bump into the rock wall.
Sigmund casts a spell.
Sigmund flickers and vanishes!
Deactivating autopickup; reactivate with Ctrl-A.
You bump into the rock wall.
Something hits you but does no damage.
You are poisoned.
You bump into the rock wall.
You feel sick.
You bump into the rock wall.
You feel less confused.
You feel sick. Something hits you!
You feel sick. Something hits you!
You die...

# ..
.$##l# ##
##.##@#
#.##.#
...#.# #.
#.# #.#
####.#
#..{l#
#@#### #.#
#.# #.#
#.########
#...<....#
#..#####.#
#..# #..#


You could see a frilled lizard.

Vanquished Creatures
  2 ball pythons (D:1)
  2 endoplasms
  2 goblins (D:1)
  A hobgoblin (D:1)
  2 quokkas (D:1)
  4 bats
  A frilled lizard (D:2)
  A kobold (D:2)
  3 rats (D:1)
18 creatures vanquished.

Notes
Turn   | Place    | Note
-------+----------+-------------------------------------------
     0 | D:1      | snarfax the Minotaur Fighter began the quest for the Orb.
     0 | D:1      | Reached XP level 1. HP: 19/19 MP: 0/0
   233 | D:1      | Reached XP level 2. HP: 26/26 MP: 1/1
   454 | D:1      | Reached skill level 4 in Shields
   865 | D:2      | Noticed Sigmund
   907 | D:2      | Slain by Sigmund

Illustrated notes

Levels and vault maps discovered:
D:1:      nagdon_arrival_double_spiral, layout_basic
D:2:      layout_loops_ring, uniq_sigmund

Skill      XL: |  1  2 |
---------------+-------+-----
Axes           | 3 |  3.5
Shields        | 4 |  4.0
Fighting       | |  3.6
Armour         | |  3.6

Action                     || total
---------------------------++-------
  Melee: War axe           ||    34
         Headbutt          ||     8
 Armour: Scale mail        ||    21
         Chain mail        ||    14
  Dodge: Dodged            ||    18
  Block: Buckler           ||    11

Table legend: (Time is in decaauts)
 A = Elapsed time spent in this place.
 B = Non-inter-level travel time spent in this place.
 C = Inter-level travel time spent in this place.
 D = Time resting spent in this place.
 E = Time spent auto-exploring this place.
 F = Levels seen in this place.
 G = Mean time per level.
                   A        B        C        D        E       F      G
               +--------+--------+--------+--------+--------+-----+--------+
         Total |    988 |    921 |     67 |      0 |    764 |   2 |  494.0 |
       Dungeon |    988 |    921 |     67 |      0 |    764 |   2 |  494.0 |
               +--------+--------+--------+--------+--------+-----+--------+

Top non-repeatable levels by time:
     D:1: 850 daAuts
     D:2: 138 daAuts
